 Dungeon Crawl Stone Soup version 0.24.0-13-gcf9b3192b9 (webtiles) character file.

Game seed: 9197121648226584637, levelgen mode: deterministic

10752 DavidChitty2 the Cleaver (level 11, 0/99 HPs)
             Began as a Minotaur Fighter on Nov 5, 2019.
             Was a High Priest of Okawaru.
             Slain by a seven-headed hydra (13 damage)
             ... on level 1 of the Lair of Beasts.
             The game lasted 00:19:15 (11415 turns).

DavidChitty2 the Cleaver (Minotaur Fighter)        Turns: 11415, Time: 00:19:15

Health: 0/99       AC: 20    Str: 25    XL:     11   Next: 40%
Magic:  12/14      EV: 12    Int:  5    God:    Okawaru [*****.]
Gold:   415        SH: 14    Dex:  9    Spells: 10/10 levels left

rFire    + + .     SeeInvis .   b - +5 flail
rCold    + . .     Gourm    .   l - +0 shield
rNeg     . . .     Faith    .   m - +2 scale mail of the Kettle-Drum {rF+ MR+}
rPois    .         Spirit   .   (helmet restricted)
rElec    .         Reflect  .   t - +1 cloak
rCorr    .         Harm     .   D - +2 pair of gloves
MR       +....                  I - +0 pair of boots
Stlth    +.........             (no amulet)
HPRegen  0.26/turn              i - ring of protection from fire
MPRegen  0.14/turn              o - ring of protection from cold

@: heroism
A: retaliatory headbutt, horns 2
a: Heroism, Finesse, Renounce Religion


You were on level 1 of the Lair of Beasts.
You worshipped Okawaru.
Okawaru was extremely pleased with you.
You were not hungry.

You visited 3 branches of the dungeon, and saw 13 of its levels.

You collected 616 gold pieces.
You spent 201 gold pieces at shops.

Inventory:

Hand Weapons
 a - a +4 war axe of venom
   (You bought it in a shop on level 4 of the Dungeon)
 b - a +5 flail (weapon)
   (You took it off a wight on level 10 of the Dungeon)
 E - a +1 war axe of protection
 F - a +0 flail
   (You found it on level 9 of the Dungeon)
Missiles
 G - a throwing net (quivered) {!f}
Armour
 l - a +0 shield (worn)
 m - the +2 scale mail of the Kettle-Drum (worn) {rF+ MR+}
   (You found it on level 4 of the Dungeon)

   It protects you from fire.
   It affects your resistance to hostile enchantments.
 t - a +1 cloak (worn)
   (You took it off Crazy Yiuf on level 6 of the Dungeon)
 y - a +0 plate armour
   (You took it off an orc warrior on level 7 of the Dungeon)
 D - a +2 pair of gloves (worn)
   (You found it on level 8 of the Dungeon)
 I - a +0 pair of boots (worn)
   (You found it on level 10 of the Dungeon)
Jewellery
 f - an uncursed ring of resist corrosion
   (You found it on level 9 of the Dungeon)
 i - a ring of protection from fire (left hand)
   (You found it on level 1 of the Dungeon)
 o - a ring of protection from cold (right hand)
   (You found it on level 6 of the Dungeon)
 B - an uncursed ring of positive energy
   (You found it on level 7 of the Dungeon)
 J - an uncursed ring of ice
   (You took it off Fannar on level 1 of the Lair of Beasts)
Wands
 c - a wand of disintegration (4)
   (You found it on level 6 of the Dungeon)
 q - a wand of polymorph (6)
   (You took it off Ijyb on level 3 of the Dungeon)
 x - a wand of acid (11)
   (You found it on level 9 of the Dungeon)
Scrolls
 g - 5 scrolls of teleportation {@r4}
 j - a scroll of magic mapping
 n - a scroll of remove curse {@r2}
 v - 3 scrolls of immolation {!r}
 z - 2 scrolls of enchant weapon
 H - a scroll of identify {@r1}
 L - a scroll of vulnerability {unknown}
Potions
 d - 2 potions of might
 h - a potion of invisibility
 k - a potion of resistance
 p - 5 potions of curing {@q1}
 r - 6 potions of magic
 s - a potion of agility
 u - a potion of cancellation {unknown}
 w - a potion of lignification {!q}
 C - 2 potions of haste {@q3}
 K - a potion of mutation {unknown}
Comestibles
 e - 31 rations {!d}
 A - 3 chunks of flesh


   Skills:
 + Level 9.8(14.8) Fighting
 * Level 12.7(17.7) Axes
 + Level 10.0(15.0) Armour
 + Level 9.8(14.8) Shields
 + Level 6.0 Invocations


You had 10 spell levels left.
You didn't know any spells.
Your spell library contained the following spells:

 Spells                   Type           Power        Failure   Level  Hunger
 Beastly Appendage        Tmut           #.....       69%         1    ##.....
 Confusing Touch          Hex            #.....       69%         1    ##.....
 Corona                   Hex            #......      69%         1    ##.....
 Magic Dart               Conj           #...         69%         1    ##.....
 Sting                    Conj/Pois      #...         69%         1    ##.....
 Blink                    Tloc           N/A          83%         2    ###....
 Call Imp                 Summ           #.......     83%         2    ###....
 Ensorcelled Hibernation  Hex/Ice        #.....       83%         2    ###....
 Passwall                 Tmut/Erth      #.......     83%         2    ###....
 Poisonous Vapours        Pois/Air       #.....       83%         2    ###....
 Slow                     Hex            #.......     83%         2    ###....
 Sticks to Snakes         Tmut           #.......     83%         2    ###....
 Swiftness                Chrm/Air       #.......     83%         2    ###....
 Confuse                  Hex            #.......     96%         3    ####...
 Conjure Flame            Conj/Fire      #.......     96%         3    ####...
 Dazzling Spray           Conj/Hex       #.....       96%         3    ####...
 Gell's Gravitas          Tloc           #.........   96%         3    ####...
 Mephitic Cloud           Conj/Pois/Air  #.......     96%         3    ####...
 Spider Form              Tmut/Pois      #.........   96%         3    ####...
 Tukima's Dance           Hex            #.......     96%         3    ####...
 Ice Form                 Ice/Tmut       #.......     100%        4    #####..
 Olgreb's Toxic Radiance  Pois           #.......     100%        4    #####..
 Passage of Golubria      Tloc           N/A          100%        4    #####..
 Petrify                  Tmut/Erth      #.......     100%        4    #####..
 Blade Hands              Tmut           #.........   100%        5    ######.
 Lee's Rapid Deconstruct  Erth           #.........   100%        5    ######.
 Metabolic Englaciation   Hex/Ice        #.........   100%        5    ######.
 Venom Bolt               Conj/Pois      #.........   100%        5    ######.
 Yara's Violent Unravell  Hex/Tmut       #.........   100%        5    ######.
 Darkness                 Hex            #.........   100%        6    #######
 Invisibility             Hex            #.......     100%        6    #######


Dungeon Overview and Level Annotations

Branches:
Dungeon (11/15)            Temple (1/1) D:6            Lair (1/6) D:11
    Orc (0/2) D:9

Altars:
Ashenzari
Cheibriados
Dithmenos
Elyvilon
Fedhas
Gozag
Hepliaklqana
Kikubaaqudgha
Makhleb
Nemelex Xobeh
Okawaru
Qazlal
Ru
Sif Muna
Trog
Uskayaw
Vehumet
Wu Jian
Xom
Yredelemnul
Zin
The Shining One

Shops:
D:4 (*   D:9 }

Annotations:
D:9 2 runed translucent doors, LobsterGuardian's ghost, novice OpAs


Innate Abilities, Weirdness & Mutations

You reflexively headbutt those who attack you in melee.
You have a pair of horns on your head.


Message History

You block the seven-headed hydra's attack. x2
The seven-headed hydra bites you but does no damage. x2
The seven-headed hydra bites you. x2
The seven-headed hydra bites you but does no damage.
You sock the seven-headed hydra!
Your headbutt misses the seven-headed hydra.
You block the seven-headed hydra's attack. x2
The seven-headed hydra bites you but does no damage. x2
You block the seven-headed hydra's attack.
The seven-headed hydra barely misses you.
The seven-headed hydra bites you but does no damage.
You sock the seven-headed hydra! You headbutt the seven-headed hydra!
The seven-headed hydra bites you.
The seven-headed hydra barely misses you.
You block the seven-headed hydra's attack. x2
The seven-headed hydra bites you! The seven-headed hydra bites you. x2
You hit the seven-headed hydra. The seven-headed hydra bites you.
The seven-headed hydra bites you! x3
* * * LOW HITPOINT WARNING * * *
You block the seven-headed hydra's attack. x3
You gain the combat prowess of a mighty hero.
The seven-headed hydra barely misses you.
You block the seven-headed hydra's attack.
The seven-headed hydra bites you!
* * * LOW HITPOINT WARNING * * *
The seven-headed hydra bites you but does no damage.
The seven-headed hydra misses you. The seven-headed hydra bites you!
* * * LOW HITPOINT WARNING * * *
You block the seven-headed hydra's attack.
Unknown command.
You barely miss the seven-headed hydra. You headbutt the seven-headed hydra!
You bludgeon the seven-headed hydra!! You headbutt the seven-headed hydra.
The seven-headed hydra bites you.
* * * LOW HITPOINT WARNING * * *
You block the seven-headed hydra's attack.
The seven-headed hydra barely misses you.
You block the seven-headed hydra's attack.
The seven-headed hydra bites you.
* * * LOW HITPOINT WARNING * * *
The seven-headed hydra bites you but does no damage. x2
You barely miss the seven-headed hydra. You headbutt the seven-headed hydra.
You block the seven-headed hydra's attack. x2
The seven-headed hydra bites you but does no damage.
The seven-headed hydra barely misses you. x2
The seven-headed hydra bites you but does no damage.
You block the seven-headed hydra's attack.
You hit the seven-headed hydra.
The seven-headed hydra bites you but does no damage.
The seven-headed hydra bites you!
You die...

..... ...# .#
#..#####.### ##.
#..........# ....
#..##......#
.....##...#......#
.....#....#......# .
......#..##D.....# .##
..........P@!....# ..#
####.##..........#
.###########..#.#..####
..............####.#
.....................
......................
.....>.................
.......................
....######.......###


You could see a seven-headed hydra.

Vanquished Creatures
  Fannar (Lair:1)
  Erica (D:8)
  2 ugly things (D:11)
  A manticore (D:11)
  A centaur skeleton (D:10)
  A spiny frog (Lair:1)
  2 trolls
  Grinder (D:6)
  2 hippogriffs
  Sigmund (D:3)
  2 vampires (D:10)
  A wyvern (D:8)
  A hungry ghost (D:7)
  Grum (D:9)
  A soldier ant (D:10)
  2 acid dragons (D:11)
  A water moccasin (Lair:1)
  A porcupine (Lair:1)
  4 orc warriors
  2 sky beasts
  2 black bears
  4 ice beasts
  An ogre (D:6)
  A phantom (D:5)
  3 wolves (D:9)
  4 centaurs
  A crocodile (Lair:1)
  4 bullfrogs
  3 scorpions
  A wyvern skeleton (D:6)
  6 killer bees
  19 wights
  A howler monkey (D:6)
  6 crimson imps
  A bullfrog zombie (D:7)
  A quasit (D:10)
  5 orc priests
  13 hounds
  Crazy Yiuf (D:6)
  A gnoll shaman (D:7)
  2 jellies
  5 orc wizards
  4 bullfrog skeletons
  Ijyb (D:3)
  Natasha (thrice) (D:4)
  2 iguanas
  8 worker ants
  2 hound zombies
  A hound skeleton (D:6)
  A worker ant zombie (D:8)
  9 gnolls (D:7)
  12 adders
  3 shadow imps
  An ooze (D:3)
  An adder skeleton (D:6)
  An adder zombie (D:7)
  A worm (D:2)
  A dart slug (D:5)
  5 leopard geckos
  30 orcs
  A ball python (D:1)
  3 bats
  8 giant cockroaches
  8 hobgoblins
  20 jackals
  8 quokkas
  6 frilled lizards
  9 goblins
  3 kobolds
  A leopard gecko skeleton (D:7)
  A quokka skeleton (D:4)
  5 rats
273 creatures vanquished.

Vanquished Creatures (others)
  8 fungi
  11 plants (Lair:1)
19 creatures vanquished.

Grand Total: 292 creatures vanquished

Notes
Turn   | Place    | Note
-------+----------+-------------------------------------------
     0 | D:1      | DavidChitty2 the Minotaur Fighter began the quest for the
                  | Orb.
     0 | D:1      | Reached XP level 1. HP: 19/19 MP: 0/0
   223 | D:1      | Reached XP level 2. HP: 22/27 MP: 1/1
   303 | D:1      | Reached skill level 3 in Axes
   670 | D:2      | Reached XP level 3. HP: 33/33 MP: 2/2
  1408 | D:3      | Reached XP level 4. HP: 40/40 MP: 3/3
  1520 | D:3      | Noticed Ijyb
  1598 | D:3      | Killed Ijyb
  1598 | D:3      | Reached skill level 4 in Axes
  1727 | D:3      | Reached XP level 5. HP: 40/47 MP: 4/4
  1756 | D:3      | Noticed Sigmund
  1890 | D:3      | Killed Sigmund
  1890 | D:3      | Reached skill level 5 in Axes
  1890 | D:3      | Reached skill level 5 in Armour
  1890 | D:3      | Reached XP level 6. HP: 37/55 MP: 5/5
  2004 | D:3      | Found a sacrificial altar of Ru.
  2056 | D:3      | Found a stormy altar of Qazlal.
  2058 | D:3      | Noticed Grinder
  2436 | D:4      | Found Viqouj's Assorted Antiques.
  2474 | D:4      | Found Hakhlore's Antique Weapon Shop.
  2489 | D:4      | Reached skill level 5 in Shields
  2494 | D:4      | Reached skill level 5 in Fighting
  2510 | D:4      | Found a glowing golden altar of the Shining One.
  2586 | D:4      | Found a hide-covered altar of Uskayaw.
  2588 | D:4      | Found a shimmering altar of Xom.
  2588 | D:4      | Found a blossoming altar of Fedhas.
  2589 | D:4      | Noticed Natasha
  2590 | D:4      | Found a sparkling altar of Nemelex Xobeh.
  2590 | D:4      | Found a shimmering altar of Xom.
  2590 | D:4      | Found a sacrificial altar of Ru.
  2595 | D:4      | Killed Natasha
  2645 | D:4      | Noticed Natasha
  2658 | D:4      | Killed Natasha
  2873 | D:4      | Noticed Natasha
  2888 | D:4      | Killed Natasha
  3066 | D:4      | Reached skill level 6 in Axes
  3073 | D:4      | Reached XP level 7. HP: 61/61 MP: 6/6
  3277 | D:4      | Got an ichor-stained scale mail
  3355 | D:4      | Identified the +2 scale mail of the Kettle-Drum {rF+ MR+}
                  | (You found it on level 4 of the Dungeon)
  3407 | D:5      | Entered Level 5 of the Dungeon
  3471 | D:5      | Found a blossoming altar of Fedhas.
  3600 | D:5      | Reached skill level 7 in Axes
  3930 | D:5      | Found a hazy altar of Hepliaklqana.
  4048 | D:6      | Reached XP level 8. HP: 61/70 MP: 7/7
  4108 | D:6      | Found a runed translucent door.
  4109 | D:6      | Noticed Crazy Yiuf
  4162 | D:6      | Killed Crazy Yiuf
  4357 | D:6      | Found a staircase to the Ecumenical Temple.
  4363 | Temple   | Entered the Ecumenical Temple
  4450 | Temple   | Became a worshipper of Warmaster Okawaru
  4507 | D:6      | Reached skill level 8 in Axes
  4652 | D:4      | Bought a glowing war axe for 201 gold pieces
  4766 | D:6      | Reached skill level 1 in Invocations
  4883 | D:6      | Reached * piety under Okawaru
  5104 | D:6      | Found a glowing golden altar of the Shining One.
  5182 | D:6      | Killed Grinder
  5230 | D:6      | Reached skill level 9 in Axes
  5236 | D:6      | Reached XP level 9. HP: 79/79 MP: 9/9
  5419 | D:7      | Reached ** piety under Okawaru
  5599 | D:7      | Reached skill level 10 in Axes
  6455 | D:8      | Noticed Erica
  6466 | D:8      | Killed Erica
  6466 | D:8      | Reached *** piety under Okawaru
  6466 | D:8      | Reached XP level 10. HP: 76/88 MP: 9/12
  6643 | D:8      | Found an ancient bone altar of Kikubaaqudgha.
  7106 | D:9      | Found a staircase to the Orcish Mines.
  7308 | D:9      | Found a large runed translucent door.
  7308 | D:9      | Found a large runed translucent door.
  7319 | D:9      | Noticed LobsterGuardian's ghost (novice OpAs)
  7432 | D:9      | Reached skill level 11 in Axes
  7690 | D:9      | Found a white marble altar of Elyvilon.
  7774 | D:9      | Found Xykesot's Gadget Shoppe.
  7906 | D:9      | Noticed Grum
  7910 | D:9      | Received a gift from Okawaru
  7918 | D:9      | Killed Grum
  8222 | D:9      | Found a sparkling altar of Nemelex Xobeh.
  8223 | D:9      | Found an opulent altar of Gozag.
  8378 | D:10     | Entered Level 10 of the Dungeon
  8428 | D:10     | Reached skill level 5 in Invocations
  8441 | D:10     | Reached **** piety under Okawaru
  9735 | D:10     | Found a bloodstained altar of Trog.
  9987 | D:11     | Reached skill level 12 in Axes
 10010 | D:11     | Noticed a cyan ugly thing
 10021 | D:11     | Killed a cyan ugly thing
 10021 | D:11     | Reached XP level 11. HP: 78/97 MP: 14/14
 10403 | D:11     | Noticed a purple ugly thing
 10413 | D:11     | Killed a purple ugly thing
 10658 | D:11     | Received a gift from Okawaru
 11238 | D:11     | Found a staircase to the Lair.
 11255 | Lair:1   | Entered Level 1 of the Lair of Beasts
 11255 | Lair:1   | Noticed Fannar
 11269 | Lair:1   | Killed Fannar
 11323 | Lair:1   | Reached ***** piety under Okawaru
 11323 | Lair:1   | Reached skill level 10 in Armour
 11404 | Lair:1   | Noticed a seven-headed hydra
 11415 | Lair:1   | Slain by a seven-headed hydra

Levels and vault maps discovered:
D:1:      dpeg_arrival_rhombus, layout_rooms
D:2:      layout_loops_ring, first_ration
D:3:      layout_loops_ring, nicolae_ru_awakened_eye, lemuel_crystal_altar,
          uniq_sigmund, uniq_grinder, uniq_ijyb
D:4:      layout_basic, doesnt_xom_only_xom, lemuel_doored_altar, serial_shops,
          shop, nicolae_shop_behind_doors, uniq_natasha
D:5:      layout_loops_ring, fedhas_altar_3, overflow_temple_1_default
D:6:      minmay_diamond_boxcup, layout_loops_ring, minmay_temple_entry_wispy,
          nicolae_tso_swordbearing_angel, uniq_crazy_yiuf_cottage
D:7:      layout_cave_pools
D:8:      layout_basic, nicolae_overflow_hidden_temple, uniq_erica
D:9:      layout_stronghold, grunt_temple_overflow_opulence, old_standard_altar,
          orc_0_dummy, ebering_ghost_disaster_area, serial_shops,
          shop_fountains, uniq_grum
D:10:     layout_basic, grunt_pizzeria, bloody_trog
D:11:     layout_stronghold, lair_entry_dummy, serial_park_tiny_pond
Temple:   nicolae_temple_hex_pool
Lair:1:   minmay_lair_venomous_thicket, layout_regular_city, uniq_joseph,
          uniq_fannar

Skill      XL: |  1  2  3  4  5  6  7  8  9 10 11 |
---------------+----------------------------------+-----
Axes           | 3 4 5 6 7 9 10 12 | 12.7
Shields        | 4 5 6 7 8 9 |  9.8
Fighting       | 4 5 6 7 8 9 |  9.8
Armour         | 4 5 6 7 8 9 10 | 10.0
Invocations    | 2 4 5 6 |  6.0

Action                   |  1- 3 |  4- 6 |  7- 9 | 10-12 || total
-------------------------+-------+-------+-------+-------++-------
Melee: War axe           |    78 |   132 |   292 |   258 ||   760
       Headbutt          |    13 |    23 |    48 |    61 ||   145
       Unarmed           |       |     9 |       |       ||     9
       Flail             |       |       |       |     8 ||     8
Invok: Heroism           |       |       |     2 |     6 ||     8
  Use: Scroll            |       |    10 |     7 |     3 ||    20
       Potion            |       |       |       |     5 ||     5
  Eat: Chunk             |     2 |     5 |    13 |    12 ||    32
       Ration            |       |       |       |     1 ||     1
Armor: Scale mail        |    35 |    55 |   132 |   147 ||   369
Dodge: Dodged            |    31 |    45 |    72 |    68 ||   216
Block: Shield            |    30 |    64 |   174 |   142 ||   410
